AoeStats
← [RAT] G0rm

Lombardia

507110910Analyzed
4v4 RM · 16d ago on Sep 16, 2026· 60m 19s· 8 players
Game mode
Random Map
Map size
Large (8 player)
Population
200
Speed
Normal
Resources
Standard
Victory
Conquest
Starting age
Dark Age
Ending age
Imperial Age
RankedLock teamsTeams togetherTeam positionsShared explorationLock speedFull tech treeHidden civsTurbo modeCheats
Victory
Defeat
🇳🇱 Saracens · Netherlands
1537
+12
🇷🇴 Japanese · Romania
1531
+12
🇺🇸 Hindustanis · United States
1424
+17
🇷🇴 Berbers · Romania
1398
+18
🇨🇿 Magyars · Czechia
1542
-19
🇨🇿 Italians · Czechia
1432
-14
🇨🇿 Persians · Czechia
1429
-14
🇨🇿 Cumans · Czechia
1364
-12
RegiTehT
8:53 Feudal Age
9:46 Double-Bit Axe
17:37 Loom
18:33 Wheelbarrow
20:01 Scale Barding Armor
19:53 Horse Collar
21:35 Bloodlines
26:07 Castle Age
24:02 Gold Mining
25:06 Forging
27:14 Chain Barding Armor
27:30 Iron Casting
27:14 Bow Saw
26:30 Light Cavalry
31:29 Hand Cart
32:17 Heavy Plow
36:49 Imperial Age
40:11 Imperial Age
40:17 Cavalier
41:34 Plate Barding Armor
42:31 Gold Shaft Mining
43:20 Masonry
42:39 Hussar
45:19 Cuman Mercenaries
47:05 Paladin
49:05 Conscription
57:00 Steppe Husbandry
57:39 Caravan
juhelak
6:36 Loom
8:49 Feudal Age
9:46 Double-Bit Axe
10:54 Horse Collar
15:35 Scale Barding Armor
16:32 Wheelbarrow
17:34 Bloodlines
22:32 Castle Age
20:43 Gold Mining
21:23 Fletching
22:29 Padded Archer Armor
23:30 Bow Saw
23:03 Light Cavalry
23:44 Husbandry
24:08 Bodkin Arrow
30:52 Heavy Plow
36:22 Imperial Age
33:38 Town Watch
35:24 Leather Archer Armor
35:41 Hand Cart
35:53 Hand Cart
37:06 Bracer
38:14 Chemistry
37:18 Husbandry
37:51 Ring Archer Armor
38:04 Thumb Ring
38:04 Recurve Bow
38:26 Conscription
39:16 Ballistics
39:55 Heavy Cavalry Archer
42:07 Parthian Tactics
44:39 Corvinian Army
45:06 Chain Barding Armor
48:34 Plate Barding Armor
48:48 Masonry
51:29 Caravan
Inspekthor
10:57 Feudal Age
13:45 Double-Bit Axe
16:06 Castle Age
14:44 Gold Mining
16:21 Bloodlines
17:31 Loom
19:18 Husbandry
20:05 Scale Barding Armor
21:00 Horse Collar
23:24 Wheelbarrow
23:31 Forging
23:28 Town Watch
26:23 Bow Saw
32:53 Imperial Age
32:14 Chain Barding Armor
33:01 Iron Casting
32:41 Cavalier
34:42 Plate Barding Armor
35:58 Savar
38:24 Blast Furnace
42:52 Pikeman
43:32 Squires
44:02 Scale Mail Armor
45:13 Gold Shaft Mining
46:05 Stone Mining
46:53 Caravan
46:43 Halberdier
49:12 Stone Shaft Mining
49:21 Conscription
51:44 Heavy Plow
54:20 Hand Cart
55:14 Fletching
55:40 Chain Mail Armor
56:02 Ballistics
56:43 Chemistry
56:06 Bodkin Arrow
60:54 Plate Mail Armor
Eos_tywyll
9:37 Loom
11:22 Feudal Age
15:30 Castle Age
16:00 Fletching
17:03 Bodkin Arrow
30:19 Double-Bit Axe
31:11 Horse Collar
33:37 Wheelbarrow
33:51 Heavy Plow
35:32 Padded Archer Armor
38:32 Imperial Age
36:53 Leather Archer Armor
41:06 Imperial Age
41:12 Elite Genoese Crossbowman
42:21 Conscription
42:06 Bracer
43:22 Bow Saw
43:47 Ring Archer Armor
44:14 Ballistics
45:09 Crop Rotation
47:32 Chemistry
49:38 Silk Road
50:11 Caravan
51:32 Scale Mail Armor
51:42 Forging
51:25 Pikeman
52:09 Squires
55:06 Two-Man Saw
[RAT] Havik_AoE
8:55 Feudal Age
7:12 Loom
9:33 Double-Bit Axe
12:49 Fletching
19:22 Castle Age
18:17 Horse Collar
18:42 Padded Archer Armor
18:56 Gold Mining
20:00 Bodkin Arrow
19:26 Crossbowman
21:26 Ballistics
22:00 Leather Archer Armor
25:09 Wheelbarrow
26:02 Bow Saw
30:11 Imperial Age
27:50 Town Watch
29:06 Thumb Ring
30:57 Bracer
32:06 Chemistry
31:48 Arbalester
34:11 Heavy Plow
41:09 Hand Cart
45:19 Scale Barding Armor
45:27 Caravan
45:05 Elite Skirmisher
45:11 Elite Genitour
48:31 Conscription
51:14 Ring Archer Armor
51:59 Chain Barding Armor
52:07 Forging
52:52 Parthian Tactics
54:02 Two-Man Saw
53:25 Bloodlines
53:16 Husbandry
52:37 Light Cavalry
53:27 Siege Engineers
53:33 Masonry
53:30 Capped Ram
57:17 Guard Tower
57:11 Treadmill Crane
60:57 Plate Barding Armor
Mihail
9:22 Feudal Age
9:26 Loom
9:55 Double-Bit Axe
10:18 Horse Collar
14:46 Fletching
21:06 Castle Age
19:51 Gold Mining
19:54 Stone Mining
21:17 Crossbowman
21:52 Bodkin Arrow
22:28 Bow Saw
22:30 Heavy Plow
25:33 Padded Archer Armor
27:50 Wheelbarrow
29:10 Leather Archer Armor
30:06 Hand Cart
31:38 Bloodlines
31:55 Ballistics
32:06 Husbandry
32:39 Kasbah
35:51 Imperial Age
33:08 Town Watch
34:04 Thumb Ring
34:46 Gold Shaft Mining
34:48 Stone Shaft Mining
34:33 Treadmill Crane
35:20 Crossbowman
36:29 Caravan
36:35 Bracer
37:38 Chemistry
36:48 Masonry
37:09 Conscription
37:05 Elite Camel Archer
38:16 Maghrebi Camels
39:31 Ring Archer Armor
40:48 Siege Engineers
40:54 Fortified Wall
40:30 Arrowslits
46:22 Hoardings
47:01 Coinage
48:33 Scale Barding Armor
48:38 Forging
50:31 Banking
50:31 Chain Barding Armor
50:47 Iron Casting
52:05 Plate Barding Armor
51:11 Light Cavalry
52:12 Hussar
56:40 Blast Furnace
56:40 Capped Ram
58:24 Cavalier
58:28 Heavy Camel Rider
[RAT] G0rm
6:19 Loom
10:21 Feudal Age
11:24 Double-Bit Axe
11:20 Horse Collar
13:06 Gold Mining
14:52 Wheelbarrow
22:02 Castle Age
20:36 Stone Mining
21:33 Fletching
22:40 Padded Archer Armor
22:14 Crossbowman
22:15 Elite Skirmisher
22:50 Bodkin Arrow
24:25 Bow Saw
24:43 Bow Saw
26:45 Heavy Plow
28:23 Bloodlines
28:14 Husbandry
29:32 Ballistics
30:57 Hand Cart
31:10 Hand Cart
31:17 Hand Cart
35:40 Imperial Age
33:42 Fortified Wall
33:25 Guard Tower
33:17 Treadmill Crane
34:00 Pikeman
34:42 Scale Mail Armor
34:53 Forging
35:00 Yasama
35:00 Gambesons
35:15 Squires
35:00 Arson
36:24 Gold Shaft Mining
36:02 Squires
36:05 Halberdier
36:50 Bracer
38:38 Chemistry
37:27 Arrowslits
38:34 Murder Holes
39:22 Chain Mail Armor
39:45 Keep
40:07 Iron Casting
41:20 Plate Mail Armor
41:53 Fortified Wall
44:13 Blast Furnace
44:13 Caravan
53:36 Conscription
53:43 Kataparuto
53:51 Kataparuto
57:58 Town Watch
2rich4u81
9:24 Feudal Age
10:20 Double-Bit Axe
11:58 Bloodlines
15:18 Loom
18:44 Castle Age
17:11 Horse Collar
19:40 Bow Saw
19:31 Heavy Plow
22:49 Husbandry
22:57 Scale Barding Armor
24:00 Forging
24:57 Fervor
25:23 Sanctity
27:28 Wheelbarrow
26:40 Loom
28:06 Chain Barding Armor
31:48 Hand Cart
35:50 Imperial Age
35:45 Iron Casting
36:47 Heavy Camel Rider
38:04 Plate Barding Armor
38:06 Conscription
37:58 Grand Trunk Road
40:05 Blast Furnace
39:07 Imperial Camel Rider
41:30 Caravan
43:33 Two-Man Saw
44:03 Fletching
48:34 Coinage
50:05 Bodkin Arrow
52:36 Chemistry
51:57 Ballistics
51:45 Shatagni
53:24 Bracer
53:25 Padded Archer Armor
55:51 Leather Archer Armor
Connection lost

Rejoining the realm…

Still unreachable

The connection could not be restored.

Session expired

The server has moved on; the page needs a fresh start.